 Dungeon Crawl Stone Soup version 0.18-a0-1575-g920359c (webtiles) character file.

35438 Duffy the Thaumaturge (level 14, -7/103 HPs)
             Began as a Formicid Earth Elementalist on Mar 16, 2016.
             Was a High Priest of Vehumet.
             Mangled by Dirian's ghost (10 damage)
             ... on level 5 of the Lair of Beasts.
             The game lasted 00:45:40 (25794 turns).

Duffy the Thaumaturge (FoEE)                       Turns: 25794, Time: 00:45:40

Health: -7/103     AC:  4    Str: 14    XL:     14   Next: 18%
Magic:  1/39       EV: 10    Int: 18    God:    Vehumet [*****.]
Gold:   746        SH:  0    Dex: 12    Spells: 7 memorised, 10 levels left

rFire  + + +     SeeInvis +     a - +5 spear "Agynier" {pierce, rF+ rC+ rN+}
rCold  + . .     Gourm    .     K - +1 robe {rF+}
rNeg   + . .     Faith    .     (no shield)
rPois  .         Spirit   .     (helmet unavailable)
rElec  .         Dismiss  .     (no cloak)
rCorr  .         Reflect  .     v - +0 pair of gloves
SustAt .         Harm     .     (no boots)
MR     +....                    G - amulet of magic regeneration
Stlth  ++........               Z - ring of protection from fire
                                w - ring of magical power

@: very slightly contaminated, starving, somewhat resistant to hostile
enchantments, unstealthy
A: permanent stasis, dig shafts and tunnels, four strong arms, antennae 3
a: Dig, Shaft Self, Renounce Religion


You were on level 5 of the Lair of Beasts.
You worshipped Vehumet.
Vehumet was extremely pleased with you.
You were starving.

You visited 3 branches of the dungeon, and saw 16 of its levels.

You collected 746 gold pieces.


Innate Abilities, Weirdness & Mutations

You are under a permanent stasis effect.
You can dig through walls and to a lower floor.
Your four strong arms can wield two-handed weapons with a shield.
You have a pair of large antennae on your head (SInv).


   Skills:
 - Level 7.5 Fighting
 - Level 6.4 Dodging
 - Level 2.4 Stealth
 - Level 12.1 Spellcasting
 + Level 12.0 Conjurations
 - Level 4.2 Charms
 - Level 1.1 Transmutations
 - Level 4.5 Fire Magic
 - Level 12.0 Earth Magic


You had 10 spell levels left.
You knew the following spells:

 Your Spells              Type           Power        Failure   Level  Hunger
a - Sandblast             Erth           ######       1%          1    None
c - Stone Arrow           Conj/Erth      ######       1%          3    None
i - Iskenderun's Battles  Conj/Chrm      #####...     2%          5    ####...
k - Lee's Rapid Deconstr  Erth           ######....   1%          5    ####...
l - Bolt of Magma         Conj/Fire/Erth #####.....   1%          5    ####...
n - Iron Shot             Conj/Erth      ######....   2%          6    ######.
P - Passwall              Trmt/Erth      ####......   1%          2    None

Inventory:

Hand Weapons
 a - the +5 spear "Agynier" (weapon) {pierce, rF+ rC+ rN+}

   It inflicts extra damage upon your enemies.
   It protects you from fire.
   It protects you from cold.
   It protects you from negative energy.
 S - the +7 Singing Sword
Missiles
 b - 391 stones (quivered)
 B - 22 poisoned needles
 R - 2 throwing nets
Armour
 v - a +0 pair of gloves (worn)
 I - a +0 large shield
 K - a +1 robe of fire resistance (worn)
Jewellery
 w - a ring of magical power (left hand)
 G - an amulet of magic regeneration (around neck)
 X - an uncursed ring of wizardry
 Z - a ring of protection from fire (right hand)
Wands
 A - a wand of paralysis (9/24)
 Q - a wand of acid (7/15)
 W - a wand of acid (8/15)
Scrolls
 e - 2 scrolls of enchant weapon
 k - 4 scrolls of remove curse
 l - 3 scrolls of immolation
 n - a scroll of enchant armour
 q - 3 scrolls of amnesia
 t - a scroll of fear
 z - a scroll of recharging
 C - a scroll of fog
 E - 2 scrolls of magic mapping
Potions
 h - 2 potions of agility
 j - 2 potions of lignification
 o - 2 potions of cancellation
 u - 2 potions of brilliance
 x - 3 potions of curing
 D - 2 potions of magic
 P - 3 potions of heal wounds
 T - 3 potions of might {unknown}
 V - 4 potions of flight {unknown}
 Y - a potion of berserk rage {unknown}
Comestibles
 c - 6 chunks of flesh
 d - 7 bread rations
 f - 9 fruits
 m - 5 meat rations
 F - 8 slices of pizza
 M - a royal jelly

Dungeon Overview and Level Annotations

Branches:
Dungeon (10/15)            Temple (1/1) D:4            Lair (5/8) D:10
  Swamp (0/4) Lair:5        Snake (0/4) Lair:3
    Orc: D:9-12

Altars:
Ashenzari
Cheibriados
Dithmenos
Elyvilon
Fedhas
Gozag
Kikubaaqudgha
Makhleb
Nemelex Xobeh
Okawaru
Pakellas
Qazlal
Ru
Sif Muna
Trog
Vehumet
Xom
Yredelemnul
Zin
The Shining One

Shops:
D:8 }=(

Annotations:
D:6 kak's ghost, novice DsGl
D:9 exclusion: 2 doors
Lair:5 Dirian's ghost, adept MiFi


Message History

Dirian's ghost hits you but does no damage.
Cast which spell? (? or * to list)
Aiming: Iron Shot
Press: ? - help, Shift-Dir - straight line, f/p - Dirian's ghost
Aim: Dirian's ghost, wielding a weapon of flaming (moderately damaged)
The iron shot hits Dirian's ghost.
Dirian's ghost is heavily damaged.
Your battlesphere fires!
The barrage of energy hits Dirian's ghost.
Dirian's ghost is heavily damaged.
Dirian's ghost hits you!!
Cast which spell? (? or * to list)
Aiming: Iron Shot
Press: ? - help, Shift-Dir - straight line, f/p - Dirian's ghost
Aim: Dirian's ghost, wielding a weapon of flaming (heavily damaged)
The iron shot hits Dirian's ghost.
Dirian's ghost is severely damaged.
You are near starving!
Your battlesphere fires!
The barrage of energy hits Dirian's ghost.
Dirian's ghost is severely damaged.
Dirian's ghost misses you.
Cast which spell? (? or * to list)
Aiming: Iron Shot
Press: ? - help, Shift-Dir - straight line, f/p - Dirian's ghost
Aim: Dirian's ghost, wielding a weapon of flaming (severely damaged)
The iron shot hits Dirian's ghost.
Dirian's ghost is almost destroyed.
You are starving!
Your battlesphere fires!
The barrage of energy hits Dirian's ghost.
Dirian's ghost is almost destroyed.
Dirian's ghost hits you!!! Dirian's ghost hits you!
You die...

..# #...#......#..+.#
......... ......#...####.##
##...#P.#
........##.%#...####........
......##.................
..##....###..........P... }
##.*.## .##...........
#....# .###.#.....##.
....#...##...#..........
>...!#}.@W...............
.... #...#...............
... #...#............... }.#
#...#. ..............
#...##. .............. ....#
.. #P.#......... ....# #.
##........#. ...# ..
#P.....### .......#P.


You could see Dirian's ghost and a friendly battlesphere.

Action                   |  1- 3 |  4- 6 |  7- 9 | 10-12 | 13-15 || total
-------------------------+-------+-------+-------+-------+-------++-------
Melee: Spear             |       |       |   191 |    68 |    15 ||   274
 Cast: Sandblast         |    80 |   109 |    54 |    50 |    19 ||   312
       Stone Arrow       |       |       |    91 |   483 |   168 ||   742
       Bolt of Magma     |       |       |       |    13 |    28 ||    41
       Iskenderun's Batt |       |       |       |    32 |    36 ||    68
       Lee's Rapid Decon |       |       |       |       |     4 ||     4
       Passwall          |       |       |       |       |     1 ||     1
       Iron Shot         |       |       |       |       |     5 ||     5
 Abil: Dig               |       |     1 |     2 |     1 |       ||     4
  Use: Scroll            |       |       |     9 |     8 |     5 ||    22
       Potion            |       |       |     1 |       |       ||     1
 Stab: Sleeping          |       |       |     4 |     1 |       ||     5
       Distracted        |       |       |       |     1 |       ||     1
  Eat: Chunk             |     3 |     8 |    21 |    56 |    22 ||   110
       Fruit             |       |       |     2 |     4 |     8 ||    14

Notes
Turn   | Place    | Note
--------------------------------------------------------------
     0 | D:1      | Duffy the Formicid Earth Elementalist began the quest for the Orb.
     0 | D:1      | Reached XP level 1. HP: 13/13 MP: 3/3
   330 | D:1      | Reached skill level 4 in Earth Magic
   330 | D:1      | Reached XP level 2. HP: 13/19 MP: 1/5
  1224 | D:1      | Reached XP level 3. HP: 20/24 MP: 4/7
  1304 | D:1      | Learned a level 2 spell: Passwall
  1308 | D:1      | Learned a level 3 spell: Stone Arrow
  1316 | D:2      | Found a sparkling altar of Nemelex Xobeh.
  1377 | D:2      | Noticed Terence
  1548 | D:2      | Found a sacrificial altar of Ru.
  1584 | D:2      | Reached skill level 3 in Spellcasting
  2045 | D:2      | Reached XP level 4. HP: 30/30 MP: 2/8
  2175 | D:2      | Found an oddly glowing altar of Pakellas.
  2218 | D:2      | Killed Terence
  2218 | D:2      | Reached skill level 5 in Earth Magic
  2428 | D:2      | Found an opulent altar of Gozag.
  2428 | D:2      | Found a sparkling altar of Nemelex Xobeh.
  2428 | D:2      | Found a burning altar of Makhleb.
  2434 | D:2      | Found a glowing golden altar of the Shining One.
  2434 | D:2      | Found a deep blue altar of Sif Muna.
  2591 | D:3      | Reached XP level 5. HP: 26/35 MP: 4/10
  3132 | D:3      | Reached skill level 4 in Spellcasting
  3716 | D:4      | Reached XP level 6. HP: 32/41 MP: 6/12
  3815 | D:4      | Reached skill level 6 in Earth Magic
  4145 | D:4      | Noticed an ogre
  4152 | D:4      | Killed an ogre
  4152 | D:4      | Reached skill level 5 in Spellcasting
  4152 | D:4      | Reached XP level 7. HP: 15/46 MP: 9/14
  4381 | D:4      | Got an ivory spear
  4382 | D:4      | Identified the +5 spear "Agynier" {pierce, rF+ rC+ rN+} (You found it on level 4 of the Dungeon)
  4383 | D:4      | Found a staircase to the Ecumenical Temple.
  4394 | D:4      | Noticed Natasha
  4405 | Temple   | Entered the Ecumenical Temple
  4530 | Temple   | Became a worshipper of Vehumet
  4687 | D:4      | Reached skill level 7 in Earth Magic
  4865 | D:4      | Found a blossoming altar of Fedhas.
  4924 | D:4      | Found an iron altar of Okawaru.
  5114 | D:4      | Found an ancient bone altar of Kikubaaqudgha.
  5253 | D:4      | Reached skill level 1 in Conjurations
  5391 | D:5      | Entered Level 5 of the Dungeon
  5729 | D:5      | Reached XP level 8. HP: 52/52 MP: 16/16
  5811 | D:5      | Learned a level 5 spell: Lee's Rapid Deconstruction
  5819 | D:5      | Noticed Dowan
  5979 | D:5      | Reached skill level 2 in Conjurations
  5979 | D:5      | Reached skill level 8 in Earth Magic
  6099 | D:5      | Killed Dowan
  6121 | D:5      | Noticed Duvessa
  6215 | D:5      | Killed Duvessa
  6376 | D:5      | Reached skill level 3 in Conjurations
  6562 | D:5      | Reached * piety under Vehumet
  6562 | D:5      | Offered knowledge of Freeze by Vehumet.
  6562 | D:5      | Reached skill level 9 in Earth Magic
  7315 | D:5      | Reached skill level 4 in Conjurations
  7502 | D:6      | Reached XP level 9. HP: 57/57 MP: 17/17
  7505 | D:6      | Found a glowing golden altar of the Shining One.
  7676 | D:6      | Noticed kak's ghost (novice DsGl)
  8008 | D:6      | Reached skill level 5 in Conjurations
  8008 | D:6      | Reached skill level 10 in Earth Magic
  8660 | D:6      | Offered knowledge of Shock by Vehumet.
  8890 | D:6      | Reached ** piety under Vehumet
  8890 | D:6      | Reached skill level 6 in Conjurations
  9579 | D:7      | Reached skill level 11 in Earth Magic
 10004 | D:7      | Reached XP level 10. HP: 63/63 MP: 18/18
 10005 | D:7      | Offered knowledge of Ignite Poison by Vehumet.
 10241 | D:7      | Reached skill level 7 in Conjurations
 10302 | D:8      | Reached skill level 2 in Dodging
 10343 | D:8      | Reached skill level 1 in Fighting
 10411 | D:8      | Reached skill level 2 in Fighting
 10424 | D:8      | Reached *** piety under Vehumet
 10590 | D:8      | Found Tumoekko's Gadget Emporium.
 10659 | D:8      | Found Diutyph's Jewellery Shoppe.
 10716 | D:8      | Reached skill level 3 in Fighting
 10716 | D:8      | Reached skill level 3 in Dodging
 10758 | D:8      | Found Micwelef's Weapon Shoppe.
 11037 | D:8      | Learned a level 5 spell: Bolt of Magma
 11039 | D:9      | Found a shadowy altar of Dithmenos.
 11063 | D:9      | Found an iron altar of Okawaru.
 11293 | D:9      | Reached skill level 4 in Fighting
 11356 | D:9      | Found a basalt altar of Yredelemnul.
 11370 | D:9      | Found a snail-covered altar of Cheibriados.
 11525 | D:9      | Reached skill level 4 in Dodging
 11952 | D:9      | Offered knowledge of Fulminant Prism by Vehumet.
 12135 | D:9      | Noticed a red ugly thing
 12164 | D:9      | Killed a red ugly thing
 12164 | D:9      | Reached skill level 5 in Fighting
 12400 | D:9      | Reached skill level 5 in Dodging
 12482 | D:9      | Reached skill level 6 in Fighting
 12987 | D:9      | Reached XP level 11. HP: 81/81 MP: 19/19
 13850 | D:4      | Killed Natasha
 14312 | D:10     | Entered Level 10 of the Dungeon
 14352 | D:9      | Reached skill level 7 in Fighting
 14352 | D:9      | Reached skill level 6 in Dodging
 14356 | D:9      | Reached **** piety under Vehumet
 14814 | D:10     | Reached skill level 6 in Spellcasting
 14814 | D:10     | Reached skill level 1 in Fire Magic
 14816 | D:10     | Offered knowledge of Iskenderun's Battlesphere by Vehumet.
 14866 | D:9      | Learned a level 5 spell: Iskenderun's Battlesphere
 15080 | D:9      | Reached skill level 2 in Fire Magic
 15456 | D:10     | Noticed a hill giant
 15468 | D:10     | Killed a hill giant
 15659 | D:10     | Found a staircase to the Lair.
 15740 | D:10     | Reached skill level 3 in Fire Magic
 15858 | D:10     | Noticed a cyclops
 16111 | D:10     | Killed a cyclops
 16470 | D:10     | Reached skill level 7 in Spellcasting
 16470 | D:10     | Reached skill level 8 in Conjurations
 16555 | D:10     | Reached skill level 4 in Fire Magic
 16659 | D:10     | Reached ***** piety under Vehumet
 16668 | D:10     | Offered knowledge of Poisonous Cloud by Vehumet.
 17025 | D:10     | Reached XP level 12. HP: 91/91 MP: 23/23
 17485 | Lair:1   | Entered Level 1 of the Lair of Beasts
 17511 | Lair:1   | Reached skill level 1 in Charms
 17610 | Lair:1   | Reached skill level 2 in Charms
 17978 | Lair:1   | Reached skill level 8 in Spellcasting
 17991 | Lair:1   | Reached skill level 3 in Charms
 18105 | Lair:1   | Noticed Harold
 18291 | Lair:1   | Killed Harold
 18291 | Lair:1   | Reached skill level 4 in Charms
 18357 | Lair:1   | Noticed Grum
 18535 | Lair:1   | Killed Grum
 19606 | Lair:3   | Reached skill level 12 in Earth Magic
 19692 | Lair:3   | Reached skill level 9 in Spellcasting
 20132 | Lair:3   | Reached skill level 9 in Conjurations
 20298 | Lair:3   | Found a staircase to the Snake Pit.
 20835 | Lair:4   | Reached XP level 13. HP: 96/96 MP: 26/26
 20987 | Lair:3   | Reached skill level 10 in Spellcasting
 21072 | Lair:4   | Noticed a four-headed hydra
 21076 | Lair:4   | Killed a four-headed hydra
 21174 | Lair:3   | Reached skill level 10 in Conjurations
 21953 | Lair:3   | Reached skill level 11 in Spellcasting
 22044 | Lair:4   | Noticed a four-headed hydra
 22049 | Lair:4   | Killed a four-headed hydra
 22202 | Lair:4   | Offered knowledge of Throw Icicle by Vehumet.
 22950 | Lair:5   | Noticed Dirian's ghost (adept MiFi)
 23591 | Lair:4   | Reached skill level 11 in Conjurations
 24092 | Lair:4   | Reached skill level 12 in Spellcasting
 24622 | Lair:4   | Reached XP level 14. HP: 54/103 MP: 22/30
 24856 | Lair:4   | Learned a level 6 spell: Iron Shot
 25209 | Lair:5   | Found a staircase to the Swamp.
 25529 | Lair:5   | Reached skill level 12 in Conjurations
 25794 | Lair:5   | Mangled by Dirian's ghost

Vault maps used:
D:1:      lightli_arrival_flooded_house
D:2:      minmay_overflow_temple_hex, nicolae_ru_sacrificial_ziggurat,
          nemelex_diamond_rough_becter, uniq_terence
D:3:      first_bread
D:4:      grunt_temple_overflow_growth_and_decay, lemuel_crystal_altar,
          minmay_temple_entry_large_hall, st_stairs_8, uniq_natasha
D:5:      old_forge, uniq_duvessa
D:6:      hangedman_decor_riveting, nicolae_tso_besieged_by_evil
D:8:      serial_shops, shop, shop, shop
D:9:      minitemple, grunt_dithmenos_smoke_and_mirrors, hangedman_ranch,
          okawaru_altar_gauntlet_db
D:10:     minmay_lair_entry_grove, serial_undead, serial_undead_e,
          serial_undead_d, serial_undead_e, serial_undead_e
Temple:   temple_of_Zot_orb
Lair:1:   uniq_grum, uniq_harold
Lair:2:   infiniplex_staircase_pool_2, serial_bayou_shore_a
Lair:3:   guppyfry_snake_entry_garden, grunt_megastairs_3
Lair:4:   roderic_batcave
Lair:5:   minmay_swamp_entry_wisps, st_stairs_11, minmay_stone_trees_small,
          infiniplex_staircase_pool, grunt_megastairs_5

Vanquished Creatures
  Harold
  3 hydras
  5 death yaks
  A hill giant
  A cyclops
  An ugly thing
  10 elephants
  A griffon
  2 black mambas
  A torpor snail
  7 spiny frogs
  2 rime drakes
  4 komodo dragons
  11 blink frogs
  16 yaks
  2 wraiths
  A wyvern
  5 hippogriffs
  A steam dragon
  5 basilisks Grum
  A hungry ghost
  A naga
  4 insubstantial wisps
  12 water moccasins Duvessa
  12 porcupines
  4 orc warriors
  An ice beast
  3 phantoms
  A sky beast
  2 black bears
  2 necrophages
  11 wolves
  5 centaurs
  15 crocodiles
  6 ogres
  4 big kobolds
  9 giant frogs
  A wyvern zombie
  13 scorpions
  4 killer bees Dowan
  A howler monkey
  15 wights
  A vampire bat
  2 electric eels
  5 crimson imps
  2 centaur zombies
  A quasit
  3 giant frog zombies
  3 giant frog skeletons
  7 hounds
  5 jellies
  3 centaur skeletons
  11 orc priests
  7 iguanas
  An iron imp Terence Natasha
  10 orc wizards
  11 worker ants
  18 sheep
  3 hound zombies
  A hound skeleton
  2 mummies
  A howler monkey zombie
  A worker ant zombie
  39 river rats
  12 adders
  7 gnolls
  5 shadow imps
  An ooze
  An adder zombie
  2 adder skeletons
  5 worms
  4 giant geckos
  48 orcs
  2 ball pythons
  9 giant cockroaches
  7 goblins
  13 hobgoblins
  10 jackals
  20 kobolds
  6 quokkas
  A ball python skeleton
  20 bats
  A giant gecko skeleton
  8 giant newts
  2 goblin skeletons
  A goblin zombie
  A hobgoblin zombie
  A kobold skeleton
  A kobold zombie
  An orc skeleton
  An orc zombie
  2 quokka skeletons
  7 rats
  19 fungi
  2 plants
569 creatures vanquished.
